Map: Blueshift LE

Players

Yocto

  • Race: Zerg Zerg
  • Spawn Location: 7:00

daveAUT - Winner!

  • Race: Protoss Protoss
  • League: Platinum
  • Spawn Location: 1:00

VOD

Have the link to the VOD?

Description

Time

  • Played on: Dec. 20, 2018, 10:49 a.m.
  • Length: 13:10
Show
View Real Time Build Order
Export as new Build Order

Yocto Zerg 

Build Orders: Hatch First, Brood Lord Corruptor 

Get SALT Encoding   

  12  0:02  Drone  
  13  0:13  Overlord  
  13  0:33  Drone x3  
  16  0:49  Drone  
  17  0:54  Hatchery  
  16  1:04  Drone  
  17  1:08  Extractor  
  17  1:10  Drone  
  17  1:25  Spawning Pool  
  17  1:28  Drone x2  
  18  1:47  Drone  
  19  1:56  Overlord  
  19  2:07  Drone  
  20  2:09  Drone  
  21  2:16  Lair  
  21  2:17  Queen  
  23  2:23  Drone x3  
  23  2:27  Extractor  
  25  2:31  Drone  
  25  2:33  Drone  
  27  2:40  Zergling x2  
  28  2:49  Drone  
  29  2:55  Queen  
  29  2:57  Overlord  
  31  3:02  Extractor x2  
  31  3:03  Drone x2  
  31  3:05  Drone  
  32  3:16  Spire, Drone  
  32  3:17  Drone  
  33  3:27  Drone  
  33  3:28  Drone x2  
  33  3:31  Drone  
  33  3:32  Drone  
  38  3:42  Queen  
  39  4:04  Overlord x2  
  39  4:07  Drone x2  
  39  4:09  Drone x2  
  43  4:15  Overlord x2  
  43  4:23  Drone x2  
  45  4:42  Mutalisk x2  
  45  4:43  Mutalisk x4  
  57  4:47  Mutalisk  
  59  4:59  Mutalisk x3  
  65  5:07  Overlord  
  65  5:08  Overlord  
  65  5:16  Mutalisk  
  65  5:20  Overlord  
  65  5:21  Overlord  
  67  5:35  Mutalisk x3  
  65  6:03  Mutalisk x3  
  57  6:23  Infestation Pit  
  56  6:27  Zergling x12  
  62  6:37  Zergling x2  
  63  6:42  Hatchery  
  62  6:47  Spore Crawler  
  62  6:49  Spore Crawler  
  62  6:50  Drone x3  
  63  6:55  Corruptor x5  
  73  7:03  Zergling x4  
  75  7:10  Hive  
  75  7:15  Drone x2  
  77  7:18  Drone x3  
  80  7:30  Drone x2  
  80  7:33  Drone x2  
  84  7:53  Overlord x3  
  84  7:54  Overlord x2  
  84  8:11  Queen  
  86  8:14  Drone x4  
  86  8:15  Drone x5  
  86  8:18  Mutalisk x3  
  101  8:24  Greater Spire  
  101  8:30  Drone x3  
  101  8:32  Extractor  
  101  8:34  Extractor  
  102  8:43  Drone x3  
  102  8:44  Drone x5  
  110  9:08  Corruptor x2  
  114  9:11  Overlord x5  
  114  9:15  Hatchery  
  113  9:17  Extractor  
  112  9:24  Spine Crawler  
  112  9:25  Spine Crawler  
  112  9:27  Spine Crawler  
  112  9:29  Spine Crawler  
  108  9:31  Corruptor x2  
  108  9:32  Corruptor x2  
  116  9:55  Corruptor x5  
  116  9:56  Corruptor  
  128  10:05  Metabolic Boost  
  128  10:25  Brood Lord  
  128  10:26  Brood Lord x4  
  138  10:29  Brood Lord  
  140  10:38  Drone x8  
  140  10:39  Drone x2  
  150  10:49  Overlord x4  
  150  10:57  Extractor  
  149  11:10  Corruptor x5  
  159  11:27  Drone x6  
  159  11:28  Drone x3  
  168  11:35  Corruptor x3  
  156  11:59  Corruptor x6  
  156  12:00  Corruptor x3  
  116  12:16  Corruptor x3  
  116  12:17  Corruptor  
  124  12:28  Corruptor x2  
Show
View Real Time Build Order
Export as new Build Order

daveAUT Protoss - Winner!

Build Orders: Phoenix Opening 

Get SALT Encoding   

  12  0:01  Probe  
  13  0:13  Probe  
  14  0:25  Probe  
  14  0:28  Pylon  
  15  0:44  Probe  
  15  0:48  Gateway  
  16  0:52  Probe  
  17  1:00  Probe  
  18  1:12  Probe  
  19  1:18  Pylon  
  19  1:24  Probe  
  20  1:26  Forge  
  20  1:33  Assimilator  
  20  1:36  Probe  
  21  1:45  Cybernetics Core  
  21  1:49  Probe  
  22  2:01  Probe  
  23  2:03  Assimilator  
  23  2:11  Zealot  
  23  2:12  Photon Cannon  
  23  2:13  Probe  
  26  2:15  Pylon  
  26  2:25  Probe  
  27  2:32  Pylon  
  27  2:44  Photon Cannon  
  27  2:45  Probe  
  28  3:01  Nexus  
  28  3:12  Probe  
  29  3:13  Stargate  
  29  3:22  Photon Cannon  
  29  3:26  Protoss Air Weapons Level 1  
  29  3:27  Probe, Pylon  
  30  3:35  Probe  
  31  3:42  Stalker  
  31  3:45  Probe  
  34  3:57  Probe  
  34  3:58  Phoenix  
  37  4:14  Probe  
  37  4:22  Probe  
  37  4:23  Assimilator  
  38  4:24  Phoenix  
  38  4:26  Probe  
  38  4:27  Assimilator  
  42  4:34  Probe  
  42  4:43  Probe  
  43  4:46  Photon Cannon  
  43  4:50  Phoenix  
  46  4:54  Probe  
  46  4:55  Probe  
  48  5:07  Probe  
  48  5:09  Protoss Shields Level 1  
  49  5:19  Probe  
  50  5:22  Phoenix  
  50  5:25  Fleet Beacon, Probe  
  52  5:32  Probe  
  52  5:34  Probe  
  54  5:43  Probe  
  54  5:44  Probe  
  56  5:56  Probe  
  54  6:04  Probe  
  51  6:13  Probe  
  50  6:21  Probe  
  50  6:23  Pylon  
  51  6:27  Pylon  
  51  6:30  Pylon  
  51  6:32  Probe  
  51  6:35  Phoenix  
  52  6:44  Probe  
  52  6:45  Anion Pulse-Crystals  
  55  6:56  Probe  
  55  6:59  Probe, Protoss Air Armor Level 1  
  55  7:00  Photon Cannon  
  57  7:02  Photon Cannon  
  57  7:07  Photon Cannon  
  57  7:08  Probe  
  57  7:11  Phoenix  
  57  7:12  Probe  
  61  7:24  Probe  
  62  7:33  Stargate  
  62  7:36  Probe, Phoenix  
  61  7:52  Stalker  
  63  8:05  Photon Cannon  
  63  8:06  Photon Cannon  
  63  8:12  Nexus  
  63  8:15  Assimilator  
  63  8:17  Tempest  
  68  8:20  Assimilator  
  68  8:24  Pylon  
  68  8:26  Tempest  
  73  8:37  Probe  
  74  8:49  Probe  
  74  8:50  Tempest  
  74  8:51  Pylon  
  74  8:54  Pylon  
  75  9:01  Probe  
  81  9:10  Photon Cannon  
  81  9:12  Photon Cannon  
  81  9:16  Pylon  
  81  9:17  Protoss Air Armor Level 2  
  81  9:19  Pylon  
  81  9:22  Void Ray  
  85  9:31  Probe  
  85  9:33  Mothership  
  86  9:39  Void Ray  
  86  9:43  Probe  
  91  9:51  Probe  
  91  9:59  Probe  
  101  10:10  Probe, Photon Cannon  
  101  10:12  Photon Cannon  
  102  10:15  Void Ray  
  102  10:17  Pylon  
  106  10:24  Twilight Council  
  106  10:28  Void Ray  
  110  10:40  Probe  
  110  10:48  Probe  
  112  10:58  Void Ray, Probe  
  117  11:10  Probe  
  117  11:11  Void Ray  
  118  11:12  Pylon x2  
  118  11:17  Pylon  
  122  11:22  Probe  
  123  11:35  Probe  
  124  11:41  Void Ray  
  124  11:47  Probe  
  120  12:03  Void Ray  
  122  12:24  Void Ray  
Tags
 
Add a new tag
Caveats
  • Supply blocks, unpowered buildings, or Contaminate may cause inaccurate times.
  • Supply counts are checked every 10 seconds.